 Dungeon Crawl Stone Soup version 0.19.1 (webtiles) character file.

6505 LORDOFBUTT the Blocker (level 11, -12/97 HPs)
             Began as a Formicid Fighter on Dec 19, 2016.
             Was an Initiate of Gozag.
             Mangled by an orc warrior
             ... wielding a +0 mace
              (17 damage)
             ... on level 1 of the Orcish Mines.
             The game lasted 00:14:07 (10371 turns).

LORDOFBUTT the Blocker (Formicid Fighter)          Turns: 10371, Time: 00:14:08

Health: -12/97     AC: 14    Str: 21    XL:     11   Next: 19%
Magic:  11/11      EV: 11    Int:  8    God:    Gozag
Gold:   1211       SH: 12    Dex: 13    Spells: 0 memorised, 10 levels left

rFire  + . .     SeeInvis +     G - +0 war axe (chop)
rCold  . . .     Gourm    .     b - +0 scale mail
rNeg   + . .     Faith    .     c - +0 shield
rPois  .         Spirit   .     (helmet unavailable)
rElec  .         Reflect  .     r - +2 cloak
rCorr  .         Harm     .     (no gloves)
MR     ++...                    (no boots)
Stlth  ..........               (no amulet)
                                F - ring of positive energy
                                D - ring of protection from magic

@: gold aura
A: permanent stasis, dig shafts and tunnels, four strong arms, antennae 3,
repulsion field 1, thin metallic scales 1, fire resistance 1, robust 1
a: Dig, Shaft Self, Potion Petition, Call Merchant, Bribe Branch, Renounce
Religion


You were on level 1 of the Orcish Mines.
You worshipped Gozag.
Gozag was most pleased with you.
You were not hungry.

You visited 3 branches of the dungeon, and saw 12 of its levels.

You collected 1544 gold pieces.
You paid 333 gold pieces to Gozag.

Inventory:

Hand Weapons
 G - a +0 war axe of chopping (weapon)
Armour
 b - a +0 scale mail (worn)
 c - a +0 shield (worn)
 r - a +2 cloak (worn)
Jewellery
 p - a +3 ring of protection {unknown}
 v - an uncursed ring of magical power
 w - an uncursed ring of wizardry
 D - a ring of protection from magic (left hand)
 F - a ring of positive energy (right hand)
Wands
 e - a wand of hasting (2/9)
 s - a wand of paralysis (17/24)
 C - a wand of disintegration (5/24)
Scrolls
 g - 3 scrolls of remove curse
 h - 4 scrolls of magic mapping {unknown}
 j - 4 scrolls of random uselessness {unknown}
 m - 2 scrolls of teleportation {unknown}
 x - 2 scrolls of amnesia {unknown}
 y - a scroll of enchant armour {unknown}
 H - a scroll of recharging {unknown}
Potions
 i - 2 potions of curing
 k - a potion of invisibility
 o - a potion of magic
 q - a potion of flight
 E - a potion of lignification
Books
 a - a Young Poisoner's Handbook

   Spells                             Type                      Level
   a - Sting                          Conjuration/Poison           1
   b - Mephitic Cloud                 Conjuration/Poison/Air       3
   c - Olgreb's Toxic Radiance        Poison                       4
   d - Alistair's Intoxication        Transmutation/Poison         5
   e - Venom Bolt                     Conjuration/Poison           5
 t - a book of Air

   Spells                             Type                      Level
   a - Shock                          Conjuration/Air              1
   b - Swiftness                      Charms/Air                   2
   c - Repel Missiles                 Charms/Air                   2
   d - Static Discharge               Conjuration/Air              3
   e - Lightning Bolt                 Conjuration/Air              5
 u - a book of Cantrips

   Spells                             Type                      Level
   a - Confusing Touch                Hexes                        1
   b - Animate Skeleton               Necromancy                   1
   c - Summon Small Mammal            Summoning                    1
   d - Apportation                    Translocation                1
Comestibles
 d - a fruit
 f - 5 bread rations
 l - a slice of pizza
 n - 3 meat rations


   Skills:
 - Level 9.2 Fighting
 * Level 8.6 Axes
 + Level 9.9 Armour
 + Level 10.2 Shields


You had 10 spell levels left.
You didn't know any spells.

Dungeon Overview and Level Annotations

Branches:
Dungeon (9/15)             Temple (1/1) D:7             Orc (2/2) D:9
   Lair: D:8-11         Elf: Orc:2

Altars:
Ashenzari
Cheibriados
Dithmenos
Elyvilon
Fedhas
Gozag
Hepliaklqana
Kikubaaqudgha
Makhleb
Nemelex Xobeh
Okawaru
Qazlal
Ru
Sif Muna
Trog
Uskayaw
Vehumet
Xom
Yredelemnul
Zin
The Shining One

Shops:
D:6 [   Orc:1 !


Innate Abilities, Weirdness & Mutations

You are under a permanent stasis effect.
You can dig through walls and to a lower floor.
Your four strong arms can wield two-handed weapons with a shield.
You have a pair of large antennae on your head. (SInv)
You are surrounded by a mild repulsion field. (EV +2)
You are partially covered in thin metallic scales. (AC +2)
Your flesh is heat resistant. (rF+)
You are robust. (+10% HP)


Message History

The orc warrior is distracted by the nearby gold.
The orc warrior hits you with a glaive!!
* * * LOW HITPOINT WARNING * * *
The orc warrior shouts!
You hit the orc warrior.
The orc warrior is no longer distracted by gold.
The orc warrior is heavily wounded.
You hit the orc warrior but do no damage.
You block the orc warrior's attack.
You barely miss the orc warrior.
The orc warrior is heavily wounded.
Your scale mail prevents you from hitting the orc warrior.
The orc warrior closely misses you. The orc warrior hits you with a mace!!
* * * LOW HITPOINT WARNING * * *
You hit the orc warrior but do no damage.
The orc warrior is heavily wounded.
You hit the orc warrior but do no damage.
You block the orc warrior's attack. The orc warrior hits you with a mace!
You die...
Your body crumbles into a pile of gold.

..............##.))......#
.......).....####.......####
##.........####.###).......#
.#.........#.#.............##
.............##........#....#
.............###........##.##
......#.............#....###
....####........o.###.#.##
....# ##......$@.#.#####
...## #.......o$.## ....#
##..........# ...##
###...#.#.## .### ##...#####
## #....# # ##...# ##.##
##.##


You could see 2 orc warriors.

Vanquished Creatures
  An orc sorcerer (Orc:1)
  A manticore (D:9)
  A troll (D:9)
  2 hippogriffs
  A warg (D:9)
  7 orc warriors
  2 sky beasts
  3 ice beasts
  2 black bears
  2 phantoms
  8 ogres
  4 centaurs
  A crocodile (D:9)
  2 big kobolds (D:9)
  4 bullfrogs
  3 scorpions
  3 wights (D:8)
  2 howler monkeys (D:6)
  2 centaur zombies
  2 crimson imps (D:7)
  2 quasits (D:7)
  4 bullfrog skeletons
  7 hounds
  5 orc priests
  Crazy Yiuf (D:3)
  2 iguanas
  13 orc wizards
  9 worker ants
  2 hound zombies (D:8)
  A hound skeleton (D:4)
  A worker ant zombie (D:9)
  3 gnolls (D:9)
  A howler monkey skeleton (D:7)
  13 adders
  2 shadow imps
  4 oozes
  An adder skeleton (D:7)
  3 worms
  4 dart slugs
  5 leopard geckos
  57 orcs
  A ball python (D:2)
  5 giant cockroaches
  12 goblins
  12 hobgoblins
  6 jackals
  12 quokkas
  8 bats
  7 frilled lizards
  A jackal skeleton (D:4)
  15 kobolds
  7 rats
  A fungus (D:3)
280 creatures vanquished.

Vanquished Creatures (others)
  An orc wizard (D:9)
1 creature vanquished.

Grand Total: 281 creatures vanquished

Notes
Turn   | Place    | Note
-------+----------+-------------------------------------------
     0 | D:1      | LORDOFBUTT the Formicid Fighter began the quest for the Orb.
     0 | D:1      | Reached XP level 1. HP: 18/18 MP: 1/1
   141 | D:1      | Reached XP level 2. HP: 19/24 MP: 2/2
   299 | D:1      | You fall through a shaft!
   306 | D:2      | Reached XP level 3. HP: 28/30 MP: 3/3
   398 | D:2      | Reached skill level 4 in Shields
   471 | D:2      | Reached XP level 4. HP: 26/37 MP: 4/4
  1908 | D:2      | Reached XP level 5. HP: 42/42 MP: 5/5
  2136 | D:3      | Noticed an ogre
  2149 | D:3      | Killed an ogre
  2149 | D:3      | Reached XP level 6. HP: 20/49 MP: 6/6
  2578 | D:3      | Found a faded altar of an unknown god.
  2578 | D:3      | Found a faded altar of an unknown god.
  2583 | D:3      | Found an iron altar of Okawaru.
  2585 | D:3      | Found a faded altar of an unknown god.
  2586 | D:3      | Found a faded altar of an unknown god.
  2963 | D:3      | Found a runed door.
  2967 | D:3      | Noticed Crazy Yiuf
  2976 | D:3      | Killed Crazy Yiuf
  3197 | D:4      | Reached skill level 5 in Shields
  3253 | D:4      | Reached skill level 5 in Fighting
  3253 | D:4      | Reached skill level 5 in Armour
  3310 | D:4      | Reached XP level 7. HP: 52/56 MP: 7/7
  4066 | D:5      | Entered Level 5 of the Dungeon
  4446 | D:5      | Noticed a fire elemental
  4451 | D:5      | Noticed an air elemental
  4452 | D:5      | Found a stormy altar of Qazlal.
  4496 | D:5      | Noticed a water elemental
  4561 | D:5      | Reached XP level 8. HP: 48/63 MP: 8/8
  4605 | D:5      | Reached skill level 6 in Shields
  5089 | D:6      | Found Gautir's Armour Boutique.
  5142 | D:6      | Found a basalt altar of Yredelemnul.
  5184 | D:6      | Reached skill level 5 in Axes
  5767 | D:6      | Found a shimmering altar of Xom.
  5769 | D:6      | Found a sacrificial altar of Ru.
  5901 | D:6      | Reached XP level 9. HP: 12/71 MP: 9/9
  6059 | D:6      | Reached skill level 7 in Shields
  6581 | D:7      | Found a shattered altar of Ashenzari.
  6581 | D:7      | Found a hide-covered altar of Uskayaw.
  7047 | D:7      | Found a staircase to the Ecumenical Temple.
  7128 | Temple   | Entered the Ecumenical Temple
  7332 | Temple   | Became a worshipper of Gozag Ym Sagoz the Greedy
  7465 | D:8      | Noticed a hippogriff
  7479 | D:8      | Killed a hippogriff
  7479 | D:8      | HP: 3/72 [ice beast (9)]
  7485 | D:8      | Reached skill level 8 in Shields
  7556 | D:8      | Reached XP level 10. HP: 52/80 MP: 10/10
  8239 | D:8      | Gained mutation: You evolve. [potion of beneficial mutation]
  8240 | D:8      | Gained mutation: Your flesh is heat resistant. (rF+) [potion of mutation]
  8240 | D:8      | Gained mutation: You are clumsy. (Dex -2) [potion of mutation]
  8241 | D:8      | Gained mutation: You are weak. (Str -2) [potion of mutation]
  8241 | D:8      | Gained mutation: You are partially covered in thin metallic scales. (AC +2) [potion of mutation]
  8241 | D:8      | Gained mutation: You are robust. (+10% HP) [potion of mutation]
  8242 | D:8      | Lost mutation: You are weak. (Str -2) [potion of mutation]
  8242 | D:8      | Gained mutation: You are surrounded by a mild repulsion field. (EV +2) [potion of mutation]
  8378 | D:9      | HP: 1/90 [warg (11)]
  8390 | D:9      | Reached skill level 9 in Shields
  8438 | D:9      | Found a staircase to the Orcish Mines.
  9196 | D:9      | Noticed a manticore
  9213 | D:9      | Killed a manticore
  9620 | D:9      | Lost mutation: You are clumsy. (Dex -2) [evolution]
  9620 | D:9      | Lost mutation: You evolve. [end of evolution]
  9838 | D:9      | Reached XP level 11. HP: 97/97 MP: 11/11
  9897 | Orc:1    | Entered Level 1 of the Orcish Mines
  9901 | Orc:1    | Found Cuag's Distillery.
  9904 | Orc:1    | Noticed an orc sorcerer
  9917 | Orc:1    | Killed an orc sorcerer
  9935 | Orc:1    | Reached skill level 10 in Shields
 10165 | Orc:2    | Entered Level 2 of the Orcish Mines
 10167 | Orc:2    | Noticed an orc warlord
 10358 | Orc:2    | Noticed an orc knight
 10371 | Orc:1    | Mangled by an orc warrior

Skill      XL: |  1  2  3  4  5  6  7  8  9 10 11 |
---------------+----------------------------------+-----
Shields        | 4 5 6 8 9 10 | 10.2
Armour         | 4 5 6 8 9 |  9.9
Fighting       | 4 5 6 7 9 |  9.2
Axes           | 3 4 5 6 7 8 |  8.6

Action                   |  1- 3 |  4- 6 |  7- 9 | 10-12 || total
-------------------------+-------+-------+-------+-------++-------
Melee: War axe           |    79 |   243 |   467 |   351 ||  1140
Invok: Potion Petition   |       |       |     1 |     1 ||     2
Evoke: Wand              |       |       |       |     1 ||     1
  Use: Potion            |       |     2 |     3 |     6 ||    11
       Scroll            |       |     2 |     7 |     4 ||    13
 Stab: Distracted        |       |       |       |     1 ||     1
  Eat: Chunk             |       |     7 |    13 |       ||    20
       Beef jerky        |       |       |     3 |       ||     3
       Bread ration      |       |       |       |     2 ||     2
Armor: Scale mail        |    52 |   115 |   195 |   127 ||   489
Dodge: Dodged            |    27 |    75 |   190 |   144 ||   436
Block: Shield            |    51 |   127 |   295 |   216 ||   689
